 Dungeon Crawl Stone Soup version 0.26.1-11-gd32895ea62 (webtiles) character file.

Game seed: 6519602303759989488

817 nomophobia the Sneak (level 8, -3/48 HPs)
             Began as a Kobold Hunter on May 18, 2021.
             Slain by an orc warrior
             ... wielding a +0 hand axe
              (6 damage)
             ... on level 7 of the Dungeon.
             The game lasted 01:02:53 (6080 turns).

nomophobia the Sneak (Kobold Hunter)                Turns: 6080, Time: 01:02:53

Health: -3/48      AC:  4    Str:  9    XL:     8   Next: 16%
Magic:  8/8        EV: 17    Int: 13    God:
Gold:   301        SH:  0    Dex: 17    Spells: 7/7 levels left

rFire    . . .     SeeInvis .   b - +3 dagger (drain)
rCold    . . .     Faith    +   (shield restricted)
rNeg     . . .     Spirit   .   c - +1 leather armour
rPois    .         Reflect  .   (no helmet)
rElec    .         Harm     .   (no cloak)
rCorr    .         Rampage  .   (no gloves)
Will     .....                  (no boots)
Stlth    ++++......             i - amulet of faith
HPRegen  0.16/turn              (no ring)
MPRegen  0.11/turn              (no ring)

@: no status effects
A: small, nightstalker 3
a: no special abilities


You were on level 7 of the Dungeon.
You visited 1 branch of the dungeon, and saw 7 of its levels.

You collected 301 gold pieces.

Inventory:

Hand Weapons
 a - a +1 hand crossbow
 b - a +3 dagger of draining (weapon)
 u - a +4 falchion
Missiles
 d - 13 bolts
Armour
 c - a +1 leather armour (worn)
Jewellery
 i - an amulet of faith (around neck)
Wands
 e - a wand of iceblast (10)
 q - a wand of polymorph (4)
 s - a wand of flame (15)
Scrolls
 l - 3 scrolls of immolation
 n - 2 scrolls of teleportation
 t - 2 scrolls of magic mapping
 v - a scroll of enchant armour
Potions
 f - a potion of curing
 g - 5 potions of haste
 h - 2 potions of invisibility
 j - a potion of mutation
 k - a potion of berserk rage
 m - a potion of brilliance
 o - a potion of resistance {unknown}
 p - a potion of cancellation {unknown}
 r - a potion of magic {unknown}


   Skills:
 + Level 4.4 Fighting
 * Level 6.1 Short Blades
 - Level 4.8 Crossbows
 * Level 5.1 Dodging
 + Level 6.8 Stealth


You had 7 spell levels left.
You didn't know any spells.
Your spell library was empty.

Dungeon Overview and Level Annotations

Branches:
Dungeon (7/15)
 Temple: D:4-7

Altars:
Elyvilon
Gozag
Hepliaklqana
Makhleb
Nemelex Xobeh
Uskayaw
Vehumet
Zin


Innate Abilities, Weirdness & Mutations

You are small and have problems with some larger weapons.
You are completely attuned to the shadows.


Message History

The orc warrior closely misses you.
You hit the orc warrior.
The orc warrior is almost dead.
The orc warrior misses you.
You hit the orc warrior but do no damage.
You drain the orc warrior.
The orc warrior is almost dead.
You closely miss the orc warrior.
The orc warrior is almost dead.
The orc warrior closely misses you.
You closely miss the orc warrior.
The orc warrior is almost dead.
You barely miss the orc warrior.
The orc warrior is almost dead.
The orc warrior hits you with a +0 hand axe.
* * * LOW HITPOINT WARNING * * *
You hit the orc warrior but do no damage.
The orc warrior is almost dead.
The orc warrior hits you with a +0 hand axe.
You die...

#.#..
#...# #
#...# ..
.#...#.#.
....@....
...#o#.#.
.. ... #
. ...#.
.......


You could see an orc warrior (drained).

Vanquished Creatures
  2 ogres
  A sky beast (D:4)
  A phantom (D:4)
  A centaur (D:6)
  2 hounds
  An orc wizard (D:4)
  An orc priest (D:4)
  A bullfrog skeleton (D:5)
  An iguana (D:4)
  A killer bee zombie (D:6)
  3 gnolls (D:6)
  5 adders
  A shadow imp (D:5)
  An ooze (D:2)
  An adder skeleton (D:5)
  3 worms
  2 dart slugs
  7 leopard geckos
  10 orcs
  2 ball pythons (D:2)
  6 bats
  3 giant cockroaches
  6 goblins
  8 hobgoblins
  5 jackals
  8 kobolds
  2 quokkas
  7 frilled lizards
  A leopard gecko skeleton (D:4)
  A quokka skeleton (D:5)
  7 rats
101 creatures vanquished.

Notes
Turn   | Place    | Note
-------+----------+-------------------------------------------
     0 | D:1      | nomophobia the Kobold Hunter began the quest for the Orb.
     0 | D:1      | Reached XP level 1. HP: 12/12 MP: 1/1
   279 | D:1      | Reached skill level 1 in Short Blades
   279 | D:1      | Reached XP level 2. HP: 18/18 MP: 2/2
   669 | D:1      | Reached XP level 3. HP: 22/22 MP: 3/3
   671 | D:1      | Found a sparkling altar of Nemelex Xobeh.
  1318 | D:2      | Found a hazy altar of Hepliaklqana.
  1318 | D:2      | Found a hide-covered altar of Uskayaw.
  1318 | D:2      | Found a white marble altar of Elyvilon.
  1326 | D:2      | Reached XP level 4. HP: 24/27 MP: 4/4
  1887 | D:2      | Found an opulent altar of Gozag.
  1887 | D:2      | Found a glowing silver altar of Zin.
  2321 | D:3      | Reached XP level 5. HP: 23/32 MP: 5/5
  2706 | D:4      | Noticed an ogre
  2717 | D:4      | Killed an ogre
  2718 | D:4      | Reached XP level 6. HP: 16/37 MP: 6/6
  2931 | D:4      | Reached skill level 5 in Stealth
  3005 | D:4      | Noticed a sky beast
  3021 | D:4      | Killed a sky beast
  3156 | D:4      | Found a radiant altar of Vehumet.
  3251 | D:4      | Reached XP level 7. HP: 21/42 MP: 7/7
  3661 | D:4      | Found a burning altar of Makhleb.
  3664 | D:4      | Noticed a balrug
  3665 | D:4      | Noticed a neqoxec
  3665 | D:4      | Noticed an orange demon
  3906 | D:4      | Reached skill level 5 in Short Blades
  4163 | D:5      | Entered Level 5 of the Dungeon
  5417 | D:6      | Reached XP level 8. HP: 25/48 MP: 8/8
  5576 | D:6      | Reached skill level 5 in Dodging
  6080 | D:7      | Slain by an orc warrior

Illustrated notes

Levels and vault maps discovered:
D:1:      nicolae_arrival_washed_ashore, layout_basic,
          nemelex_xobeh_ov_fountains_minmay
D:2:      layout_basic, grunt_temple_overflow_gold_and_silver,
          gammafunk_temple_overflow_forgotten
D:3:      layout_rooms
D:4:      layout_loops_ring, makhleb_altar_promises_db, enter_ossuary_5,
          vehumet_altar_wand_db
D:5:      layout_basic
D:6:      layout_basic, minmay_temple_entry_large_hall
D:7:      old_forge, layout_basic, pdpol_wu_jian_five_deadly_venoms

Skill      XL: |  1  2  3  4  5  6  7  8 |
---------------+-------------------------+-----
Short Blades   | 1 2 3 4 5 6 |  6.1
Stealth        | 2 3 4 5 6 |  6.8
Dodging        | 3 4 5 |  5.1
Fighting       | 3 4 |  4.4
Crossbows      | |  4.8

Action                   |  1- 3 |  4- 6 |  7- 9 || total
-------------------------+-------+-------+-------++-------
Melee: Short sword       |     6 |       |       ||     6
       Dagger            |    10 |    69 |   145 ||   224
 Fire: Hand crossbow     |    46 |    53 |    26 ||   125
  Use: Scroll            |     5 |     5 |     9 ||    19
       Potion            |       |       |     1 ||     1
 Stab: Sleeping          |       |       |     8 ||     8
       Distracted        |       |       |     1 ||     1
Armor: Leather armour    |     8 |     7 |     8 ||    23
Dodge: Dodged            |    14 |    37 |    85 ||   136
